 Dungeon Crawl Stone Soup version 0.29.0-4-gdea44cf6ec (webtiles) character file.

Game seed: 494300877184169880

4618 qw the Peltast (level 10, -13/83 HPs)
             Began as a Minotaur Berserker on Sept 6, 2022.
             Was a Priest of Trog.
             Killed from afar by Maggie (23 damage)
             ... with a bolt of fire
             ... on level 8 of the Dungeon.
             The game lasted 00:02:41 (8027 turns).

qw the Peltast (Minotaur Berserker)                 Turns: 8027, Time: 00:02:42

Health: -13/83     AC: 15    Str: 26      XL:     10   Next: 19%
Magic:  0/9        EV:  8    Int:  3 (4)  God:    Trog [***...]
Gold:   72         SH: 12    Dex:  9 (10) Spells: 9/9 levels left

rFire   . . .      SeeInvis .   Y - +1 broad axe (vorpal)
rCold   . . .      Faith    .   i - +0 kite shield
rNeg    . . .      Spirit   +   e - +4 chain mail {rPois}
rPois   +          Reflect  .   d - +2 hat
rElec   .          Harm     .   (no cloak)
rCorr   .          Rampage  .   (no gloves)
Will    .....                   (no boots)
Stlth   ..........              n - amulet of guardian spirit
HPRegen 0.23/turn               (no ring)
MPRegen 0.11/turn               (no ring)

@: about to teleport
A: horns 2, retaliatory headbutt
a: Renounce Religion, Berserk, Trog's Hand


You were on level 8 of the Dungeon.
You worshipped Trog.
Trog was most pleased with you.
You visited 1 branch of the dungeon, and saw 8 of its levels.
You also visited: Sewer.

You collected 492 gold pieces.
You spent 420 gold pieces at shops.


Innate Abilities, Weirdness & Mutations

You have a pair of horns on your head.
You reflexively headbutt those who attack you in melee.


   Skills:
 - Level 6.1 Fighting
 + Level 11.7 Axes
 - Level 3.2 Armour
 - Level 2.1 Dodging
 - Level 15.6 Shields


You had 9 spell levels left.
You didn't know any spells.
Your spell library was empty.

Inventory:

Hand Weapons
 o - a +1 war axe of flaming
 Y - a +1 vorpal broad axe (weapon)
Armour
 d - a +2 hat (worn)
 e - a +4 chain mail of poison resistance (worn)
 i - a +0 kite shield (worn)
Jewellery
 a - an amulet of reflection
 j - a ring of poison resistance
 n - an amulet of guardian spirit (around neck)
 p - a ring of poison resistance
Scrolls
 b - a scroll of teleportation
 k - 3 scrolls of identify
Potions
 c - a potion of haste
 f - 2 potions of magic {unknown}
 g - 2 potions of heal wounds
 h - 2 potions of curing
 m - a potion of mutation
 q - a potion of lignification {unknown}

Dungeon Overview and Level Annotations

Branches:
Dungeon (8/15)             Temple (0/1) D:4           Sewer (visited)
   Lair: D:8-11

Altars:
Ashenzari
Gozag
Kikubaaqudgha
Nemelex Xobeh
Qazlal
Zin

Shops:
D:8 =

Annotations:
D:4 3 runed translucent doors, qw's ghost, amateur MiBe
D:8 1 runed translucent door, Maggie


Message History

The bolt of fire hits you!
Enter note: You block Maggie's attack.
Maggie casts a spell.
Maggie attempts to bespell you!
You are mesmerised by Maggie!
You closely miss Maggie.
Maggie drinks a potion.
Maggie's spells are empowered!
You barely miss Maggie. Maggie gestures at you while chanting.
The bolt of fire hits you!
You slice Maggie!!
Maggie is heavily wounded.
Maggie barely misses you.
You closely miss Maggie. You headbutt Maggie.
Maggie is severely wounded.
Maggie hits you with a +2 glaive of pain.
You hit Maggie.
Maggie is severely wounded.
You block Maggie's attack.
You hit Maggie. You headbutt Maggie.
Maggie is severely wounded.
Maggie hits you with a +2 glaive of pain!
You barely miss Maggie.
Maggie is severely wounded.
Maggie casts a spell at you. The bolt of fire misses you.
Maggie hits you with a +2 glaive of pain!
You writhe in agony.
You closely miss Maggie.
Maggie is severely wounded.
Maggie casts a spell at you. The bolt of fire hits you!!
8027 ||| READING 2 scrolls of teleportation.
As you read the scroll of teleportation, it crumbles to dust.
You feel strangely unstable.
You break out of your daze.
Maggie casts a spell at you. The bolt of fire hits you!!
You die...

.........# ..#
.........#. ..#
.........#. #.##
........... ...
..........## #.#
..#######.# ####.#
..#######.# #....#
.......##.# #.##.#
.......##.###.##@#
...<.>........##@#
..################
.## #... ..# 8..8.
#.#o.....
#.+o.....
###...... #8..8.


You could see Maggie (empowered).

Vanquished Creatures
  2 hornets (D:8)
  3 wyverns
  Eustachio (D:5)
  A steam dragon (D:8)
  Edmund (D:6)
  2 acid dragons
  2 water moccasins
  2 sky beasts (D:7)
  An ice beast (D:5)
  An orc warrior (D:8)
  3 ogres
  2 centaurs
  A kobold brigand (D:8)
  A necrophage (D:8)
  Blork the orc (D:5)
  3 scorpions
  A wight (D:8)
  A howler monkey (D:4)
  4 hounds
  6 orc priests
  2 jellies
  Ijyb (D:3)
  2 iguanas
  2 orc wizards (D:7)
  A gnoll (D:1)
  5 adders
  A white imp (D:5)
  An ufetubus (D:6)
  4 worms
  3 dart slugs
  8 orcs
  7 ball pythons
  5 endoplasms
  6 giant cockroaches
  7 goblins
  5 hobgoblins
  11 jackals
  A quokka (D:3)
  16 bats
  4 frilled lizards
  11 kobolds
  5 rats
147 creatures vanquished.

Notes
Turn   | Place    | Note
-------+----------+-------------------------------------------
     0 | D:1      | qw the Minotaur Berserker began the quest for the Orb.
     0 | D:1      | Reached XP level 1. HP: 19/19 MP: 0/0
     0 | D:1      | 0 ||| qw: Version: 0.1-a-107-g9ff403c
     0 | D:1      | 0 ||| qw: Game counter: 6117
     0 | D:1      | 0 ||| qw: Always use a shield: true
     0 | D:1      | 0 ||| qw: Do Orc after D:15 true
     0 | D:1      | 0 ||| qw: Do second Lair branch before Depths: true
     0 | D:1      | 0 ||| qw: Lair rune preference: random
     0 | D:1      | 0 ||| qw: Plans: Normal
     0 | D:1      | 0 ||| PLANNING D:1-11
   197 | D:1      | 197 ||| INVOKING Berserk.
   200 | D:1      | Reached XP level 2. HP: 26/26 MP: 1/1
   319 | D:1      | 319 ||| DROPPING +0 club.
   865 | D:1      | Reached XP level 3. HP: 30/31 MP: 2/2
  1074 | D:1      | 1074 ||| UPGRADING to +0 ring mail.
  1084 | D:1      | 1084 ||| DROPPING +0 animal skin.
  1085 | D:1      | 1085 ||| UPGRADING to +0 scale mail.
  1095 | D:1      | 1095 ||| DROPPING +0 ring mail.
  1096 | D:1      | 1096 ||| READING scroll labelled BIRRIPH BETURR.
  1097 | D:1      | 1097 ||| READING scroll labelled ONLEWU KENLE.
  1163 | D:2      | Found a faded altar of an unknown god.
  1179 | D:2      | 1179 ||| INVOKING Berserk.
  1404 | D:2      | 1404 ||| Stepping ~*~*~tactically~*~*~ (stealth).
  1409 | D:2      | Reached ** piety under Trog
  1445 | D:2      | Reached XP level 4. HP: 38/39 MP: 3/3
  1467 | D:2      | Reached skill level 6 in Axes
  1760 | D:2      | 1760 ||| UPGRADING to +2 hat.
  1765 | D:2      | 1765 ||| READING scroll labelled VOMU EHAGEREA.
  1766 | D:2      | 1766 ||| READING scroll labelled HUPARU HIDO.
  1767 | D:2      | 1767 ||| READING scroll labelled LEGEIFF UCREL.
  1947 | D:3      | Noticed Ijyb
  1948 | D:3      | 1948 ||| INVOKING Berserk.
  1958 | D:3      | Killed Ijyb
  2357 | D:3      | Reached XP level 5. HP: 43/45 MP: 4/4
  2986 | D:3      | 2986 ||| UPGRADING to +0 kite shield.
  2991 | D:3      | 2991 ||| READING 3 scrolls labelled DALOYL PUCH.
  2992 | D:3      | 2992 ||| DROPPING 2 scrolls of magic mapping.
  3037 | D:4      | Found a staircase to the Ecumenical Temple.
  3069 | D:4      | 3069 ||| Stepping ~*~*~tactically~*~*~ (hiding).
  3106 | D:4      | Noticed an ogre
  3111 | D:4      | 3111 ||| INVOKING Berserk.
  3114 | D:4      | Killed an ogre
  3115 | D:4      | Reached skill level 3 in Shields
  3260 | D:4      | Reached skill level 4 in Shields
  3260 | D:4      | Reached XP level 6. HP: 46/52 MP: 5/5
  3546 | D:4      | Found an ancient bone altar of Kikubaaqudgha.
  3752 | D:4      | 3752 ||| Stepping ~*~*~tactically~*~*~ (hiding).
  3759 | D:4      | Reached *** piety under Trog
  3841 | D:4      | Found a runed translucent gate.
  3841 | D:4      | Found a runed translucent gate.
  3841 | D:4      | Found a runed translucent gate.
  3842 | D:4      | Found an opulent altar of Gozag.
  3844 | D:4      | Noticed qw's ghost (amateur MiBe)
  3915 | D:4      | Found a glowing silver altar of Zin.
  4009 | D:4      | 4009 ||| DROPPING +2 hat.
  4010 | D:4      | 4010 ||| UPGRADING to amulet of guardian spirit.
  4015 | D:4      | 4015 ||| READING scroll labelled JAISHR KICU.
  4016 | D:4      | 4016 ||| DRINKING 2 dark potions.
  4040 | D:5      | Entered Level 5 of the Dungeon
  4040 | D:5      | Noticed Eustachio
  4041 | D:5      | 4041 ||| PLANNING SEWER
  4044 | D:5      | 4044 ||| INVOKING Berserk.
  4049 | D:5      | Reached skill level 5 in Shields
  4068 | D:5      | Killed Eustachio
  4069 | D:5      | Reached XP level 7. HP: 32/59 MP: 4/6
  4206 | D:5      | Identified the +5 scale mail of the Imp {Str+4}
  4228 | D:5      | Identified the +10 flail "Zerhag" {vorpal, rPois MP+9
                  | Str+2}
  4230 | D:5      | 4230 ||| DROPPING +0 flail.
  4246 | D:5      | 4246 ||| INVOKING Berserk.
  4393 | D:5      | Found a glowing drain.
  4407 | D:5      | 4407 ||| FLEEEEING.
  4408 | D:5      | 4408 ||| FLEEEEING.
  4456 | D:5      | 4456 ||| UPGRADING to +5 scale mail of the Imp {Str+4}.
  4466 | D:5      | 4466 ||| DROPPING +0 scale mail.
  4467 | D:5      | 4467 ||| DRINKING 2 blue potions.
  4468 | D:5      | 4468 ||| READING 2 scrolls of identify.
  4468 | D:5      | 4468 ||| IDENTIFYING red potion
  4524 | Sewer    | Entered a sewer
  4530 | Sewer    | Reached skill level 6 in Shields
  4592 | Sewer    | 4592 ||| DROPPING potion of berserk rage.
  4613 | D:5      | 4613 ||| PLANNING D:1-11
  4766 | D:5      | Reached skill level 9 in Axes
  4901 | D:5      | Noticed Blork the orc
  4903 | D:5      | 4903 ||| INVOKING Berserk.
  4907 | D:5      | Killed Blork the orc
  4993 | D:5      | 4993 ||| SWAPPING to +1 war axe of flaming.
  4994 | D:5      | 4994 ||| DROPPING +10 flail "Zerhag" {vorpal, rPois MP+9
                  | Str+2}.
  4995 | D:5      | 4995 ||| DROPPING +1 hand axe.
  5015 | D:5      | 5015 ||| Stepping ~*~*~tactically~*~*~ (stealth).
  5047 | D:5      | Reached XP level 8. HP: 57/68 MP: 7/7
  5186 | D:5      | Found a broken altar of Ashenzari.
  5298 | D:5      | 5298 ||| READING scroll labelled EFOWKU TAFFUT.
  5299 | D:5      | 5299 ||| READING scroll labelled WYOTIPNIS NIDO.
  5299 | D:5      | Identified a scroll of acquirement
  5299 | D:5      | 5299 ||| ACQUIRING +1 vorpal broad axe
  5299 | D:5      | Acquired a +1 vorpal broad axe
  5301 | D:5      | 5301 ||| SWAPPING to +1 vorpal broad axe.
  5302 | D:5      | 5302 ||| READING 2 scrolls labelled WAFEING OPSOYPN.
  5303 | D:5      | 5303 ||| DRINKING 3 fuming red potions.
  5304 | D:5      | 5304 ||| READING 3 scrolls of identify.
  5304 | D:5      | 5304 ||| IDENTIFYING grey potion
  5305 | D:5      | 5305 ||| DRINKING potion of experience.
  5305 | D:5      | Reached skill level 15 in Shields
  5305 | D:5      | Reached XP level 9. HP: 74/74 MP: 8/8
  5306 | D:5      | 5306 ||| READING 2 scrolls of identify.
  5306 | D:5      | 5306 ||| IDENTIFYING bubbling puce potion
  5307 | D:5      | 5307 ||| DROPPING scroll of summoning.
  5308 | D:5      | 5308 ||| DROPPING 2 potions of degeneration.
  5394 | D:6      | Noticed Edmund
  5399 | D:6      | 5399 ||| INVOKING Berserk.
  5402 | D:6      | Killed Edmund
  5709 | D:6      | 5709 ||| INVOKING Berserk.
  6060 | D:6      | Found an opulent altar of Gozag.
  6171 | D:6      | Found a stormy altar of Qazlal.
  6186 | D:6      | 6186 ||| Stepping ~*~*~tactically~*~*~ (hiding).
  6190 | D:6      | 6190 ||| INVOKING Berserk.
  6414 | D:6      | 6414 ||| UPGRADING to +4 chain mail of poison resistance.
  6424 | D:6      | 6424 ||| DROPPING +5 scale mail of the Imp {Str+4}.
  6443 | D:7      | Reached skill level 3 in Armour
  6509 | D:7      | 6509 ||| Stepping ~*~*~tactically~*~*~ (hiding).
  6670 | D:7      | 6670 ||| Stepping ~*~*~tactically~*~*~ (stealth).
  6740 | D:7      | Found a sparkling altar of Nemelex Xobeh.
  6760 | D:7      | Reached skill level 6 in Fighting
  6784 | D:7      | 6784 ||| INVOKING Berserk.
  6949 | D:7      | 6949 ||| Stepping ~*~*~tactically~*~*~ (stealth).
  7099 | D:7      | 7099 ||| FLEEEEING.
  7100 | D:7      | 7100 ||| FLEEEEING.
  7101 | D:7      | 7101 ||| FLEEEEING.
  7102 | D:7      | 7102 ||| FLEEEEING.
  7103 | D:7      | 7103 ||| FLEEEEING.
  7104 | D:7      | 7104 ||| FLEEEEING.
  7105 | D:7      | 7105 ||| FLEEEEING.
  7106 | D:7      | 7106 ||| FLEEEEING.
  7107 | D:7      | 7107 ||| FLEEEEING.
  7108 | D:7      | 7108 ||| FLEEEEING.
  7109 | D:7      | 7109 ||| FLEEEEING.
  7110 | D:7      | 7110 ||| FLEEEEING.
  7117 | D:7      | 7117 ||| FLEEEEING.
  7118 | D:7      | 7118 ||| FLEEEEING.
  7126 | D:7      | 7126 ||| FLEEEEING.
  7127 | D:7      | 7127 ||| FLEEEEING.
  7128 | D:7      | 7128 ||| FLEEEEING.
  7129 | D:7      | 7129 ||| FLEEEEING.
  7130 | D:7      | 7130 ||| FLEEEEING.
  7131 | D:7      | 7131 ||| FLEEEEING.
  7132 | D:7      | 7132 ||| FLEEEEING.
  7133 | D:7      | 7133 ||| FLEEEEING.
  7134 | D:7      | 7134 ||| FLEEEEING.
  7135 | D:7      | 7135 ||| FLEEEEING.
  7148 | D:7      | 7148 ||| Stepping ~*~*~tactically~*~*~ (hiding).
  7267 | D:7      | 7267 ||| INVOKING Berserk.
  7431 | D:7      | 7431 ||| READING scroll labelled SOULIR CEEPOE.
  7432 | D:7      | 7432 ||| READING scroll labelled YLUORYA JOANE.
  7452 | D:8      | 7452 ||| INVOKING Berserk.
  7477 | D:8      | 7477 ||| FLEEEEING.
  7478 | D:8      | 7478 ||| STAIRDANCE
  7526 | D:8      | 7526 ||| STAIRDANCE
  7690 | D:8      | 7690 ||| Stepping ~*~*~tactically~*~*~ (stealth).
  7697 | D:8      | 7697 ||| INVOKING Berserk.
  7699 | D:8      | Reached XP level 10. HP: 83/83 MP: 6/9
  7713 | D:8      | 7713 ||| Stepping ~*~*~tactically~*~*~ (cloud).
  7714 | D:8      | 7714 ||| Stepping ~*~*~tactically~*~*~ (cloud).
  7848 | D:8      | 7848 ||| FLEEEEING.
  7858 | D:8      | 7858 ||| STAIRDANCE
  7915 | D:8      | Found Tiugot's Jewellery Shop.
  7923 | D:8      | 7923 ||| BUYING amulet of reflection (420 gold).
  7923 | D:8      | Bought an amulet of reflection for 420 gold pieces
  7923 | D:8      | 7923 ||| SHOPLISTING ring of fire (350 gold, have 48).
  7923 | D:8      | 7923 ||| SHOPLISTING ring of resist corrosion (280 gold,
                  | have 48).
  7988 | D:8      | Found a runed translucent door.
  8016 | D:8      | Noticed Maggie
  8026 | D:8      | HP: 10/83 [Maggie/bolt of fire (28)]
  8027 | D:8      | 8027 ||| READING 2 scrolls of teleportation.
  8027 | D:8      | Killed from afar by Maggie

Levels and vault maps discovered:
D:1:      shiori_arrival_elements, layout_basic
D:2:      layout_rooms, ebering_ecumenical_altar_webs
D:3:      layout_loops_ring, uniq_ijyb
D:4:      layout_cave_pods, kennysheep_mini, kiku_gazebo_pond_becter,
          minmay_temple_entry_tees, ebering_ghost_gozag
D:5:      layout_rooms, ashenzari_conservatory_becter,
          cheibrodos_sewer_entry_drain, patterned_corridor, uniq_blork_the_orc,
          uniq_eustachio
D:6:      layout_loops_ring, lemuel_doored_altar, mainiacjoe_overflow_alcove_2,
          uniq_edmund
D:7:      layout_rooms, nemelex_diamond_rough_becter, eino_curves_03
D:8:      layout_basic, kennysheep_mini_moat, grunt_dithmenos_smoke_and_mirrors,
          serial_shops, nicolae_shop_trees, lightli_church_of_beogh,
          uniq_maurice, uniq_maggie

Skill      XL: |  1  2  3  4  5  6  7  8  9 |
---------------+----------------------------+-----
Axes           | 4 5 6 7 9 11 | 11.7
Fighting       | 4 5 6 |  6.1
Shields        | 4 5 6 15 | 15.6
Armour         | 3 |  3.2
Dodging        | |  2.1

Action                   |  1- 3 |  4- 6 |  7- 9 | 10-12 || total
-------------------------+-------+-------+-------+-------++-------
Melee: Hand axe          |    70 |   155 |    51 |       ||   276
       Headbutt          |    12 |    18 |    26 |     2 ||    58
       Unarmed           |       |    10 |       |       ||    10
       Punch             |       |     2 |       |       ||     2
       War axe           |       |       |    11 |       ||    11
       Broad axe         |       |       |   112 |    27 ||   139
Invok: Berserk           |     2 |     3 |     9 |       ||    14
  Use: Scroll            |     2 |     5 |     8 |     1 ||    16
       Potion            |       |     1 |     3 |       ||     4
Armor: Animal skin       |     8 |       |       |       ||     8
       Scale mail        |    14 |    70 |    45 |       ||   129
       Skin              |       |     1 |       |       ||     1
       Chain mail        |       |       |    38 |    12 ||    50
Dodge: Dodged            |    26 |    66 |    35 |    13 ||   140
Block: Kite shield       |       |    21 |    89 |    19 ||   129

Table legend:
 A = Non-vault XP
 B = Vault XP
 C = Vault XP percentage of total XP
 D = Non-vault monster count
 E = Vault monster count
 F = Vault count percentage of total count
                 A         B        C        D         E       F
            +---------+---------+-------+---------+---------+-------
      Total |    4431 |     644 |  12.7 |     132 |      15 |  10.2
            +---------+---------+-------+---------+---------+-------
        D:1 |      48 |       0 |   0.0 |      20 |       0 |   0.0
        D:2 |      55 |       0 |   0.0 |      19 |       0 |   0.0
        D:3 |     103 |      36 |  25.9 |      25 |       1 |   3.8
        D:4 |     291 |       0 |   0.0 |      16 |       0 |   0.0
        D:5 |     591 |     295 |  33.3 |      10 |       5 |  33.3
        D:6 |     567 |     153 |  21.2 |      11 |       1 |   8.3
        D:7 |    1075 |       0 |   0.0 |      14 |       0 |   0.0
        D:8 |    1701 |       0 |   0.0 |      17 |       0 |   0.0
      Sewer |       0 |     160 | 100.0 |       0 |       8 | 100.0
            +---------+---------+-------+---------+---------+-------
